[Event "Live Chess"]
[Site "Chess.com"]
[Date "2023.05.21"]
[Round "-"]
[White "LanceMaster23"]
[Black "wot-not"]
[Result "1-0"]
[WhiteElo "1958"]
[BlackElo "1541"]
[TimeControl "300"]
[EndTime "7:08:30 PDT"]
[Termination "LanceMaster23 won on time"]

1. Nf3 Nf6 2. d4 d6 3. Bf4 Bg4 4. e3 Nbd7 5. Be2 c6 6. Nbd2 g6 7. c3 Bg7 8. Qb3 Nb6 9. a4 a5 10. Nc4 Nxc4 11. Bxc4 d5 12. Qxb7 dxc4 13. Qxc6+ Kf8 14.
Qxc4 Bxf3 15. gxf3 Qd5 16. Qxd5 Nxd5 17. Bg3 e6 18.
Kd2 Ke7 19. e4 Nb6 20. Kd3 Rhc8 21. b3 Rc6 22. Rhc1 Bh6 23. Rc2 Bg5 24. h4 Bf6 25. e5 Bg7 26. Bf4 Nd5 27. Bg5+ f6 28. exf6+ Bxf6 29. Rac1 Bxg5 30. hxg5 Rb8 31. Rb2 Nf4+ 32. Ke4 Nh3 33. Rh1 Nxg5+ 34. Ke3 Rh8 35. c4 Rcc8 36. f4 Nf7 37. Kd3 Nd6 38. Re2 Rb8 39. Kc3 Rbf8 40. Rhe1 Rf6 41. d5 Nf5 42. Rxe6+ Rxe6 43. Rxe6+ Kf7 44.
c5 h5 45. c6 h4 46. c7 h3 47. Re1 Rc8 48. Rh1 Rxc7+ 49. Kd3 Rd7 50. Ke4 Nd6+ 51. Kf3 Nb7 52. Rd1 Nc5 53. b4 Nb3 54. bxa5 Nxa5 55. Kg3 Nc4 56. Kxh3 Ne3 57. fxe3 Rd6 58. e4 g5 59. e5 Rh6+ 60. Kg4 Rh4+ 61. Kxg5 Rh3 62. Rg1 Ra3 63. Rg4 Rxa4 64. Kf5 Ra5 65. e6+ Ke7 66. Ke5 1-0

[Event "Live Chess"]
[Site "Chess.com"]
[Date "2023.05.21"]
[Round "-"]
[White "TheSmoulderingMaster"]
[Black "grillage"]
[Result "0-1"]
[WhiteElo "1659"]
[BlackElo "1787"]
[TimeControl "300"]
[EndTime "7:08:33 PDT"]
[Termination "grillage won by checkmate"]

1. e4 d5 2. exd5 Qxd5 3. Nc3 Qd8 4. d4 Nf6 5. Nf3 Bg4 6. Be2 e6 7. O-O c6 8. h3 Bxf3 9. Bxf3 Nbd7 10. Bg5 Be7 11. Re1 O-O 12. Qd2 Re8 13. Ne2 Nd5 14.
Bxe7 Rxe7 15. c4 N5f6 16. Qg5 h6 17. Qg3 Nb6 18. c5 Nbd5 19. Nf4 Nxf4 20. Qxf4 Rd7 21. Rad1 Qa5 22. a3 Rad8 23. b4 Qxa3 24. b5 Qb4 25. bxc6 bxc6 26. Bxc6 Rxd4 27. Rxd4 Qxd4 28. Qxd4 Rxd4 29.
Bb7 Rc4 30. c6 Nd5 31. Rd1 Kf8 32. Ra1 Ke7 33. Rxa7 Kd6 34. Ra8 Nb4 35. Rd8+ Ke5 36. Rc8 Kd6 37. Rf8 Ke7 38. Rg8 g6 39. Rh8 h5 40.
Rc8 Kd6 41. g3 Nxc6 42. Rf8 Ke7 43. Rc8 Ne5 44. Ra8 Kf6 45. Ra5 g5 46. Ba6 Rc1+ 47. Kg2 g4 48. hxg4 hxg4 49. Ra4 Kg5 50. Ra5 f6 51. Bb5 Rc5 52. Kf1 Nc6 53. Ra6 Nd4 54.
Bd3 f5 55. Ra8 Kf6 56. Rd8 Nf3 57. Rf8+ Ke5 58. Ra8 Rc1+ 59. Ke2 Re1# 0-1

[Event "Live Chess"]
[Site "Chess.com"]
[Date "2023.05.21"]
[Round "-"]
[White "FlyingChessKestrel13"]
[Black "AbilifyXL"]
[Result "1/2-1/2"]
[WhiteElo "2061"]
[BlackElo "1970"]
[TimeControl "300"]
[EndTime "7:08:57 PDT"]
[Termination "Game drawn by agreement"]

1. e4 d5 2. exd5 Qxd5 3. Nc3 Qa5 4. Nf3 c6 5. d4 Nf6 6. Bc4 Bg4 7. O-O e6 8. Be3 Nbd7 9. h3 Bh5 10. Be2 Bb4 11.
Nb1 O-O 12. c3 Bd6 13. Nbd2 Qc7 14. Ne1 Bg6 15. Bd3 Rad8 16. Bxg6 hxg6 17. Nd3 Rfe8 18. Qc2 c5 19. Nxc5 Nxc5 20. dxc5 Bxc5 21. Bxc5 Qxc5 22. Nb3 1/2-1/2

[Event "Live Chess"]
[Site "Chess.com"]
[Date "2023.05.21"]
[Round "-"]
[White "domrobson"]
[Black "gmnorfolk"]
[Result "0-1"]
[WhiteElo "1756"]
[BlackElo "2139"]
[TimeControl "300"]
[EndTime "7:08:58 PDT"]
[Termination "gmnorfolk won by resignation"]

1. d4 Nf6 2. c3 d6 3. b3 e5 4. b4 a5 5. c4 axb4 6. c5 exd4 7. c6 Nxc6 8. e3 dxe3 9. f3 g6 10. g3 Bg7 11. f4 O-O 0-1

[Event "Live Chess"]
[Site "Chess.com"]
[Date "2023.05.21"]
[Round "-"]
[White "matt1979"]
[Black "NateSolon"]
[Result "0-1"]
[WhiteElo "1552"]
[BlackElo "2642"]
[TimeControl "300"]
[EndTime "7:09:06 PDT"]
[Termination "NateSolon won by checkmate"]

1. f4 Nh6 2. Nf3 d5 3. e3 Bg4 4. Be2 e6 5. O-O c5 6. b3 Bxf3 7. Bxf3 Qf6 8. c3 Nc6 9. Bb2 Nf5 10. Qc2 g6 11. c4 d4 12. Bxc6+ bxc6 13. e4 Ne7 14. d3 Bh6 15. g3 e5 16. f5 Be3+ 17. Kh1 h5 18. Nd2 g5 19. Ba3 g4 20. Bxc5 h4 21. Bxe7 hxg3 22. h3 Kxe7 23. Qd1 Rxh3+ 24. Kg2 Rh2+ 25. Kxg3 Qh4# 0-1

[Event "Live Chess"]
[Site "Chess.com"]
[Date "2023.05.21"]
[Round "-"]
[White "manthanit"]
[Black "Leonid_Starozhilov"]
[Result "0-1"]
[WhiteElo "1081"]
[BlackElo "2624"]
[TimeControl "300"]
[EndTime "7:09:08 PDT"]
[Termination "Leonid_Starozhilov won by resignation"]

1. e4 Nc6 2. Nf3 d6 3. Bc4 e6 4. h3 d5 5. exd5 exd5 6. Bb5 Bd6 7. d4 Ne7 8. c4 dxc4 9. Bxc4 O-O 10. O-O h6 11.
Be3 Nf5 12. Nc3 a6 13. a4 Bd7 14. Ne4 Re8 15. Nxd6 Nxd6 16. Bb3 Na5 17. Ba2 Nac4 18. Bxc4 Nxc4 19. b3 Nxe3 20. fxe3 Rxe3 21. Qd2 Rxb3 22.
Rab1 Rxb1 23. Rxb1 b5 24. axb5 axb5 25. Ne5 Be8 26.
Qf2 Qd5 27. Rc1 b4 28. Rxc7 b3 29. Nxf7 Bxf7 30. Rxf7 Qxf7 31. Qxf7+ 0-1

[Event "Live Chess"]
[Site "Chess.com"]
[Date "2023.05.21"]
[Round "-"]
[White "ClassyChameleon"]
[Black "BillythekidFellowes"]
[Result "0-1"]
[WhiteElo "1083"]
[BlackElo "2089"]
[TimeControl "300"]
[EndTime "7:09:09 PDT"]
[Termination "BillythekidFellowes won by checkmate"]

1. e4 Nc6 2. Nf3 d6 3. d4 Nf6 4. Nc3 Bg4 5. Be2 g6 6. O-O Bg7 7. d5 Nb8 8. Ng5 Bxe2 9. Qxe2 h6 10. Nh3 Nbd7 11. Nf4 O-O 12. b4 Nxe4 13. Qxe4 Bxc3 14. Rb1 Nf6 15. Qc4 Be5 16. Nd3 Nd7 17. Bxh6 Bg7 18.
Bxg7 Kxg7 19. Nf4 Ne5 20. h4 Rh8 21. g3 Qd7 22. Qd4 f6 23. Ne6+ Kf7 24. f4 Ng4 25. f5 gxf5 26. Rxf5 Rag8 27. Rbf1 Ne5 28. Rg5 Rxg5 29. hxg5 c5 30. bxc5 Qb5 31. Nd8+ Ke8 32. gxf6 Rh1+ 33. Kg2 Qxf1# 0-1

[Event "Live Chess"]
[Site "Chess.com"]
[Date "2023.05.21"]
[Round "-"]
[White "Crowded_House"]
[Black "EdenHazard8"]
[Result "1/2-1/2"]
[WhiteElo "1611"]
[BlackElo "1957"]
[TimeControl "300"]
[EndTime "7:09:14 PDT"]
[Termination "Game drawn by repetition"]

1. d4 e5 2. dxe5 Nc6 3. Nf3 Qe7 4. c3 Nxe5 5. Nbd2 Nxf3+ 6. Nxf3 Nf6 7. e3 d5 8. Bd3 Bg4 9. O-O c6 10. h3 Bh5 11.
Be2 Qc7 12. b3 Ne4 13. Bb2 Bd6 14. Nd2 Bxe2 15. Qxe2 f5 16. c4 Be5 17. Bxe5 Qxe5 18. cxd5 O-O 19. Nxe4 fxe4 20. dxc6 bxc6 21. Qc4+ Kh8 22.
Rac1 Rf6 23. Qc5 Qe6 24. Rc2 Rg6 25. Kh1 Rf8 26. Qc4 Qd7 27. Qxe4 Re6 28. Qg4 Qe7 29. Rfc1 Rg6 30. Qc4 Qd7 31. Qe2 Rf5 32. Rd2 Qc8 33.
Rcd1 Rf8 34. Rd6 Rxd6 35. Rxd6 Qc7 36. Rd2 Qe5 37. Qd1 h6 38. Rd8 Qf6 39. Rxf8+ Qxf8 40. Kg1 Qa3 41. Qd2 Qc5 42. Qd8+ Kh7 43. Qd3+ Kh8 44. Qd8+ Kh7 45. Qd3+ Kh8 46. Qd8+ 1/2-1/2

[Event "Live Chess"]
[Site "Chess.com"]
[Date "2023.05.21"]
[Round "-"]
[White "chessfiction"]
[Black "Ra2orLeaf"]
[Result "1-0"]
[WhiteElo "2307"]
[BlackElo "1130"]
[TimeControl "300"]
[EndTime "7:09:23 PDT"]
[Termination "chessfiction won by resignation"]

1. e4 c5 2. d4 cxd4 3. c3 d3 4. Bg5 Nc6 5. c4 d6 6. Nc3 h6 7. Bh4 Nf6 8. Bxd3 Bg4 9. f3 Bh5 10. Nge2 e5 11. Qb3 b6 12. c5 Be7 13. Bb5 Rc8 14.
Qa4 Qc7 15. Bxf6 Bxf6 16. Nd5 Qb7 17. Nxf6+ gxf6 18. cxd6 O-O 19. Ba6 Qd7 20. Bxc8 Rxc8 21. Rc1 Qxd6 22. O-O Kh7 23. Rfd1 Qb8 24. Rxc6 Rg8 25.
Rxf6 Bxf3 26. Rxf7+ Kh8 27. Rxf3 Qc7 28. Qd7 Qc2 29.
Qd2 Qxe4 30. Qxh6+ Qh7 31. Qxh7+ Kxh7 1-0

[Event "Live Chess"]
[Site "Chess.com"]
[Date "2023.05.21"]
[Round "-"]
[White "zdanevych"]
[Black "onemoretime1975"]
[Result "0-1"]
[WhiteElo "1500"]
[BlackElo "1841"]
[TimeControl "300"]
[EndTime "7:09:33 PDT"]
[Termination "onemoretime1975 won by resignation"]

1. d4 d5 2. c4 e6 3. Nc3 Nf6 4. cxd5 exd5 5. Nf3 c6 6. h3 Bf5 7. Bg5 Nbd7 8. e3 h6 9. Bh4 Be7 10. Bd3 Bxd3 11. Qxd3 Ne4 12. Bxe7 Qxe7 13. O-O Ndf6 14. Nd2 O-O 15. Rac1 Rfe8 16. f3 Nxd2 17. Qxd2 Qxe3+ 18. Qxe3 Rxe3 19. Rce1 Rae8 20. Kf2 Rxe1 21. Rxe1 Rxe1 22. Kxe1 Kf8 23. Na4 Nd7 24. Kd2 Ke7 25.
Ke3 Kd6 26. Nc3 a6 27. Kf4 c5 28. dxc5+ Nxc5 29. Ke3 Ke5 30. Ne2 Ne6 31. g3 g5 32. f4+ gxf4+ 33. gxf4+ Kf5 34. Ng3+ Kf6 35. Nh5+ Kg6 36. Ng3 Kf6 37. Nh5+ Ke7 38. f5 Ng5 39. h4 Ne4 40. Kd4 Nf6 41. Nf4 h5 42. Nxd5+ Nxd5 43. Kxd5 Kf6 44. Ke4 Ke7 45. Ke5 f6+ 46. Ke4 Kd6 47. Kd4 Kc6 48. Kc4 b5+ 49. Kd3 Kd5 50. Ke3 Ke5 51. b3 Kxf5 52. Kf3 Ke5 53. Ke3 f5 54. a3 f4+ 55. Ke2 Ke4 56. Kf1 f3 57. Ke1 Kf4 58. Kf2 Kg4 59. Kf1 Kxh4 60. Kf2 Kg4 61. Kg1 Kg3 62. Kf1 f2 0-1

[Event "Live Chess"]
[Site "Chess.com"]
[Date "2023.05.21"]
[Round "-"]
[White "Doge_Dandolo"]
[Black "jumush"]
[Result "1-0"]
[WhiteElo "1887"]
[BlackElo "1721"]
[TimeControl "300"]
[EndTime "7:09:35 PDT"]
[Termination "Doge_Dandolo won by resignation"]

1. Nf3 d5 2. c4 d4 3. b4 g6 4. g3 Bg7 5. d3 Nc6 6. a3 a5 7. b5 Ne5 8. Nbd2 Nxf3+ 9. Nxf3 b6 10. Bg2 Rb8 11. O-O Bb7 12. Ra2 h5 13. e3 dxe3 14. Bxe3 Nh6 15. Re1 O-O 16. Qc1 Nf5 17. Bg5 f6 18.
Bf4 e5 19. Be3 Qxd3 20. Rd2 Qb3 21. Red1 Nxe3 22. Rd3 Nxd1 23. Rxb3 Rbd8 24. Nd2 Bxg2 25. Kxg2 Bh6 26. Qxd1 Rxd2 27. Qf3 Kf7 28. Qc6 Rd7 29. Qxd7+ 1-0

[Event "Live Chess"]
[Site "Chess.com"]
[Date "2023.05.21"]
[Round "-"]
[White "Bob2pen"]
[Black "wadsy27"]
[Result "0-1"]
[WhiteElo "1828"]
[BlackElo "2545"]
[TimeControl "300"]
[EndTime "7:09:50 PDT"]
[Termination "wadsy27 won by resignation"]

1. c4 e5 2. g3 h5 3. Nc3 h4 4. Bg2 Nf6 5. d3 Bc5 6. Bg5 hxg3 7. hxg3 Rxh1 8. Bxh1 Bxf2+ 9. Kxf2 Ng4+ 10. Ke1 Qxg5 11. Nf3 Qh6 12. Bg2 Ne3 13. Qc1 Nxg2+ 14. Kf2 Nf4 15.
gxf4 exf4 16. Nd5 Na6 17. Qxf4 Qxf4 18. Nxf4 Kf8 19. Rh1 Kg8 20. Rg1 d6 21. Nd5 Be6 22. Nd4 Bxd5 23. cxd5 Re8 24. e4 Nb4 25. Ke3 Nxd5+ 26.
Kd2 Ne7 27. Nb5 Rc8 28. Rc1 Nc6 29. d4 a6 30. d5 axb5 31. dxc6 bxc6 32. Rxc6 Kf8 33.
Ke3 Ke7 34. Kf4 Kd7 35. Rc3 Ra8 36. a3 Ra4 37. Kf5 b4 38. axb4 Rxb4 39. Rg3 g6+ 40. Kf6 Rxe4 41. Kxf7 Rb4 42. Rg2 g5 43. Kf6 g4 44.
Kf5 d5 45. Ke5 c6 46. Rf2 Re4+ 47. Kf5 Kd6 48. Rg2 Rb4 49. Rh2 g3 50. Rg2 Rb3 51. Kf4 c5 52. Rh2 gxh2 0-1

[Event "Live Chess"]
[Site "Chess.com"]
[Date "2023.05.21"]
[Round "-"]
[White "Missedidea"]
[Black "LL220284LL"]
[Result "1-0"]
[WhiteElo "1783"]
[BlackElo "2257"]
[TimeControl "300"]
[EndTime "7:09:51 PDT"]
[Termination "Missedidea won by checkmate"]

1. d4 e6 2. c4 Nf6 3. Nc3 Bb4 4.
e3 O-O 5. Bd3 d5 6. Nf3 b6 7.
O-O Ba6 8. cxd5 exd5 9. Bxa6 Nxa6 10. Qa4 Qc8 11. Ne5 Re8 12. f4 Bd6 13. Rf3 c5 14. Rg3 Ne4 15. Nxe4 dxe4 16. f5 Bxe5 17. dxe5 Rxe5 18.
f6 g6 19. Bd2 Nc7 20. Bc3 Rd5 21. Rf1 Qd7 22. Qc2 Rd3 23. Rg5 Rd8 24. Re5 Qc6 25.
Qc1 Nd5 26. h4 Nxe3 27. Re1 Rd1 28. Qxe3 b5 29. Rxe4 Rxe1+ 30. Bxe1 Qxf6 31. Re8+ Kg7 32. Bc3 Rd4 33. Bxd4 cxd4 34. Qd3 Qd6 35. Re4 Qa6 36. Qxd4+ Kh6 37. Qe3+ Kg7 38. Qc3+ Kh6 39. g4 Qxa2 40. g5+ Kh5 41. Qf3# 1-0

[Event "Live Chess"]
[Site "Chess.com"]
[Date "2023.05.21"]
[Round "-"]
[White "WelshTiger"]
[Black "DRS44"]
[Result "1-0"]
[WhiteElo "2328"]
[BlackElo "1310"]
[TimeControl "300"]
[EndTime "7:09:54 PDT"]
[Termination "WelshTiger won by resignation"]

1. e4 e5 2. Nf3 d6 3. d4 f5 4.
exf5 e4 5. Nfd2 d5 6. c4 Nf6 7. Nc3 c6 8. f3 e3 9. Nb3 dxc4 10. Bxc4 Bxf5 11. Bxe3 Qe7 12. Kf2 Be6 13. Bxe6 Qxe6 14. Re1 Be7 15. d5 cxd5 16. Bc5 Ne4+ 17. Nxe4 dxe4 18.
Rxe4 Qxe4 19. fxe4 1-0

[Event "Live Chess"]
[Site "Chess.com"]
[Date "2023.05.21"]
[Round "-"]
[White "JoRoSaR"]
[Black "sup3rm0nk3y"]
[Result "1-0"]
[WhiteElo "1672"]
[BlackElo "1344"]
[TimeControl "300"]
[EndTime "7:10:04 PDT"]
[Termination "JoRoSaR won by resignation"]

1. e4 c5 2. Nf3 Nc6 3. Bb5 a6 4. Bxc6 bxc6 5. d3 d5 6. O-O Nf6 7. Qe2 Bg4 8. c4 e6 9. Nc3 Bd6 10. b3 Bc7 11. Ba3 d4 12. Na4 O-O 13. Bxc5 Re8 14. h3 Bh5 15. g4 Nxg4 16. hxg4 Bxg4 17.
Kg2 Qh4 18. Rh1 Bxf3+ 19. Qxf3 Qg5+ 20. Kf1 e5 21. Ke2 Re6 22. Rag1 Qd8 23. Ba3 Rf6 24. Qg2 Rg6 25. Qf1 Qf6 26. Rxg6 Qxg6 27. Bc1 Ba5 28. Qh3 h6 29. f4 exf4 30. Bxf4 Qf6 31. Qg3 Kf8 32. Rf1 Qe6 33. Nc5 Qg6 34. Qxg6 fxg6 35. Bc7+ 1-0

[Event "Live Chess"]
[Site "Chess.com"]
[Date "2023.05.21"]
[Round "-"]
[White "JoeRoot66"]
[Black "lord_cll"]
[Result "1-0"]
[WhiteElo "1901"]
[BlackElo "1209"]
[TimeControl "300"]
[EndTime "7:10:05 PDT"]
[Termination "JoeRoot66 won by resignation"]

1. e4 d5 2. exd5 Qxd5 3. Nc3 Qa5 4. d4 Nf6 5. Bc4 Bf5 6. Nf3 e6 7. O-O c6 8. Re1 Nbd7 9. Ne5 Nxe5 10. Rxe5 Qc7 11.
Qe2 O-O-O 12. Bf4 Bd6 13. Rxf5 exf5 14. Bxd6 Rxd6 15. d5 Re8 16. Qf3 cxd5 17. Nb5 Qc6 18. Nxd6+ Qxd6 19. Bb5 Re4 20. Bd3 Rf4 21. Bxf5+ Kc7 22.
Qc3+ Qc6 23. Qe5+ Qd6 24. Qxd6+ Kxd6 25. Bd3 Ne4 26. f3 Nf6 27. Re1 g5 28. h3 h5 29. Re3 d4 30. Re2 g4 31. hxg4 hxg4 32. fxg4 Nxg4 33. Re4 Rxe4 34. Bxe4 b6 35. Bf3 Ne3 36.
Be4 f5 37. Bd3 Ke5 38. Kf2 Kf4 39. g3+ Ke5 40. c3 dxc3 41. Kxe3 cxb2 42. Bb1 a5 43. a4 Kf6 44. Kf4 Kg6 45. Bxf5+ Kf6 46. Bb1 Ke6 47.
g4 Kf7 48. g5 Kg7 49. g6 Kf6 50. Ke4 Kg7 51. Kd3 Kf6 52. Kc2 1-0

[Event "Live Chess"]
[Site "Chess.com"]
[Date "2023.05.21"]
[Round "-"]
[White "NotHarryV"]
[Black "nigelst"]
[Result "0-1"]
[WhiteElo "1516"]
[BlackElo "1701"]
[TimeControl "300"]
[EndTime "7:10:29 PDT"]
[Termination "nigelst won by resignation"]

1. d4 Nf6 2. c4 e6 3. Nf3 Bb4+ 4. Bd2 Qe7 5. g3 O-O 6. Bg2 Nc6 7. O-O Bxd2 8. Nbxd2 d6 9. e4 e5 10. d5 Nb8 11. Qc2 b6 12. b4 Nbd7 13. Bh3 Re8 14. Nh4 Nf8 15. Bxc8 Raxc8 16. Nf5 Qd7 17. Nb3 Ng6 18.
Qd2 Ne7 19. Nxe7+ Qxe7 20. Rae1 Qd7 21. c5 Qh3 22. c6 Ng4 23. f3 Nh6 24. b5 Rf8 25.
Nc1 f5 26. exf5 Nxf5 27. Nd3 Nd4 28. a4 Rxf3 29. Nf2 Qh5 30. Re3 Rcf8 31. Rxf3 Nxf3+ 0-1

[Event "Live Chess"]
[Site "Chess.com"]
[Date "2023.05.21"]
[Round "-"]
[White "LiamClery2020"]
[Black "Vitalii18a"]
[Result "1-0"]
[WhiteElo "1961"]
[BlackElo "1128"]
[TimeControl "300"]
[EndTime "7:10:36 PDT"]
[Termination "LiamClery2020 won by checkmate"]

1. e4 e5 2. Nc3 d6 3. d4 exd4 4.
Qxd4 Be7 5. Qxg7 Bf6 6. Qg3 Nc6 7. Nf3 Nb4 8. Bd3 Nxd3+ 9. cxd3 Be6 10. O-O Qe7 11.
Re1 O-O-O 12. Be3 Kb8 13. Nd5 Bxd5 14. exd5 h5 15. Bxa7+ Kxa7 16. Rxe7 Bxe7 17. Qf4 Nh6 18. Qa4+ Kb8 19. Nd4 Bf6 20. Nb5 Kc8 21. Qa8+ Kd7 22.
Qxb7 Bxb2 23. Qc6+ Ke7 24. Re1+ Kf6 25. Qxc7 Be5 26. d4 Bf4 27. g3 Bd2 28. Re2 Bb4 29. a3 Bc3 30. Nxc3 Nf5 31. Ne4+ Kg6 32. f4 Nxd4 33. Rf2 Rhe8 34. Ng5 Re1+ 35. Kg2 Nf5 36. Qxf7+ Kh6 37. Qh7# 1-0

[Event "Live Chess"]
[Site "Chess.com"]
[Date "2023.05.21"]
[Round "-"]
[White "stevochess11"]
[Black "NateSolon"]
[Result "0-1"]
[WhiteElo "1674"]
[BlackElo "2642"]
[TimeControl "300"]
[EndTime "7:10:36 PDT"]
[Termination "NateSolon won by resignation"]

1. d4 Nf6 2. Nf3 c5 3. e3 d5 4.
dxc5 e6 5. b4 a5 6. c3 axb4 7.
cxb4 b6 8. Bb5+ Bd7 9. Bxd7+ Nbxd7 10. Bb2 bxc5 11. bxc5 Bxc5 12. O-O O-O 13. Ng5 h6 14. Nf3 Qb6 15. Nc3 Qxb2 0-1

[Event "Live Chess"]
[Site "Chess.com"]
[Date "2023.05.21"]
[Round "-"]
[White "domrobson"]
[Black "CocheseUK"]
[Result "1-0"]
[WhiteElo "1756"]
[BlackElo "1033"]
[TimeControl "300"]
[EndTime "7:10:37 PDT"]
[Termination "domrobson won by resignation"]

1. d4 d5 2. c4 dxc4 3. Nf3 e6 4. Nc3 Nc6 5. e3 Bb4 6. Bxc4 Nf6 7. O-O O-O 8. Bd3 Ba5 9. e4 Bb6 10. e5 Nd5 11. Bxh7+ Kxh7 12. Ng5+ Kg8 13. Qh5 1-0

[Event "Live Chess"]
[Site "Chess.com"]
[Date "2023.05.21"]
[Round "-"]
[White "martynstanley"]
[Black "Duke_of_Bebington"]
[Result "0-1"]
[WhiteElo "1015"]
[BlackElo "1557"]
[TimeControl "300"]
[EndTime "7:10:45 PDT"]
[Termination "Duke_of_Bebington won by checkmate"]

1. d4 d5 2. e3 Bf5 3. Bd3 Bxd3 4.
cxd3 Nf6 5. f4 e6 6. Nf3 c5 7. O-O cxd4 8. exd4 Nc6 9. Ne5 Bd6 10. Nd2 O-O 11. Rf3 Nxd4 12. Rh3 Nf5 13. Ng4 Bxf4 14. Nxf6+ Qxf6 15. Qh5 Bh6 16. Nf3 Bxc1 17. Rxc1 h6 18. Rd1 Rac8 19. d4 Rc2 20. Ne5 Qg5 21. Qxg5 hxg5 22.
g4 Nh4 23. Kf1 Rfc8 24. Rhd3 Rxb2 25. Nf3 Ng6 26. Nxg5 Rxh2 27. Nf3 Rxa2 28. R1d2 Rc1+ 29. Ke2 Nf4+ 30. Ke3 Nxd3 31. Rxa2 Nb4 32. Rxa7 Rc3+ 33. Kf4 Nd3+ 34. Kg3 Ne1 35. Ra8+ Kh7 36. Kf2 Nxf3 37.
Rb8 Nxd4 38. Rxb7 Kg6 39. Rb4 Nc6 40. Ra4 Ne5 41. Kg2 Nc4 42. Kf2 Rd3 43. Ke2 Rd4 44. Kf3 Nd2+ 45. Kg3 Rxa4 46. Kh4 Nf3+ 47. Kg3 Ng5 48. Kg2 Rxg4+ 49. Kf2 Re4 50. Kf1 d4 51.
Kf2 d3 52. Kg3 d2 53. Kg2 d1=Q 54. Kf2 Qf3+ 55. Kg1 Rg4+ 56. Kh2 Qh3# 0-1

[Event "Live Chess"]
[Site "Chess.com"]
[Date "2023.05.21"]
[Round "-"]
[White "Olisingapore"]
[Black "OleksiyJr1"]
[Result "1-0"]
[WhiteElo "1792"]
[BlackElo "1035"]
[TimeControl "300"]
[EndTime "7:10:48 PDT"]
[Termination "Olisingapore won by resignation"]

1. d4 Nf6 2. c4 c6 3. g3 g5 4. Bg2 h6 5. h4 g4 6. e4 e6 7. e5 Nh7 8. Qxg4 f6 9. Qg6+ Ke7 10.
Bxh6 Bxh6 11. Qxh6 1-0

[Event "Live Chess"]
[Site "Chess.com"]
[Date "2023.05.21"]
[Round "-"]
[White "peleus16"]
[Black "DoYouLikeCurry"]
[Result "0-1"]
[WhiteElo "1595"]
[BlackElo "1458"]
[TimeControl "300"]
[EndTime "7:11:16 PDT"]
[Termination "DoYouLikeCurry won by checkmate"]

1. d4 d5 2. Nc3 Nf6 3. Bf4 Bf5 4. f3 e6 5. g4 Bg6 6. e3 c5 7. Nh3 cxd4 8. Qxd4 Nc6 9. Qa4 Qb6 10. Nb5 Rc8 11.
O-O-O Bc5 12. Nd4 O-O 13. Kb1 Nxd4 14. exd4 Be7 15. Be3 Qc7 16. Nf4 Bxc2+ 17. Ka1 Bxa4 18. g5 Bxd1 19. Bd3 Bxf3 20. gxf6 Bxh1 21. fxe7 Qc1+ 22. Bxc1 Rxc1+ 23. Bb1 Be4 24. exf8=Q+ Kxf8 25. a3 Rxb1+ 26. Ka2 Rf1 27. Ne2 Rf2 28. Nc3 Bg6 29. Kb3 Rxh2 30.
Na4 Bc2+ 31. Kb4 Bxa4 32. Kxa4 Rxb2 33. Ka5 Rd2 34. a4 b6+ 35. Kb5 Rxd4 36. Ka6 Rxa4+ 37.
Kb7 d4 38. Kc6 d3 39. Kd6 d2 40. Kc7 d1=Q 41. Kb7 Qd7+ 42. Kb8 Qd8+ 43. Kb7 Qd5+ 44.
Kb8 b5 45. Kc7 b4 46. Kc8 b3 47. Kc7 b2 48. Kc8 b1=Q 49. Kc7 Rc4# 0-1

[Event "Live Chess"]
[Site "Chess.com"]
[Date "2023.05.21"]
[Round "-"]
[White "worldchessleaguelive"]
[Black "Delacorta"]
[Result "1-0"]
[WhiteElo "1364"]
[BlackElo "1373"]
[TimeControl "300"]
[EndTime "7:11:23 PDT"]
[Termination "worldchessleaguelive won by resignation"]

1. d4 e6 2. Bf4 f5 3. Nf3 Nf6 4. e3 d5 5. Nbd2 Bd6 6. Be2 Bxf4 7. exf4 O-O 8. g3 Bd7 9. O-O Be8 10. Ne5 Ne4 11.
Nxe4 fxe4 12. Bg4 Qe7 13. f3 Nd7 14. fxe4 dxe4 15. Qe2 Nf6 16. Bh3 a6 17. Bg2 Bh5 18. g4 Nxg4 19. Nxg4 c5 20. Nh6+ gxh6 21. Qxh5 cxd4 22.
Bxe4 Rac8 23. Kh1 Rc5 24. Rg1+ Kh8 25. Qxh6 Rc7 26. Rg2 Rxf4 27. Qxf4 1-0

[Event "Live Chess"]
[Site "Chess.com"]
[Date "2023.05.21"]
[Round "-"]
[White "KeithArkell"]
[Black "RichardABates"]
[Result "1-0"]
[WhiteElo "2476"]
[BlackElo "2144"]
[TimeControl "300"]
[EndTime "7:11:27 PDT"]
[Termination "KeithArkell won on time"]

1. d4 Nf6 2. Nf3 g6 3. c4 Bg7 4. Nc3 d5 5. cxd5 Nxd5 6. g3 O-O 7. Bg2 Nxc3 8. bxc3 c5 9. O-O Nc6 10. e3 Qc7 11. Ba3 cxd4 12. cxd4 Rd8 13. Rc1 Qa5 14. Qb3 Be6 15. Qxb7 Qxa3 16. Rxc6 Bd5 17. Ne5 Bxc6 18. Nxc6 Re8 19. Nxe7+ Kf8 20. Nc6 Qd6 21. Nxa7 Rab8 22.
Qc6 Qe7 23. Nb5 Rec8 24. Qd5 Rd8 25. Qb3 Rdc8 26. a4 h5 27. h4 g5 28. hxg5 Qxg5 29. Qd5 Qg6 30. Be4 Qh6 31. Nd6 Rc7 32. Nb5 Re7 33.
Kg2 Rbe8 34. Bf3 h4 35. Rh1 Bf6 36. Nd6 Rd8 37. Nf5 Rxd5 38. Nxh6 Rg5 39. Rxh4 Rg6 40.
Rh5 Ra7 41. a5 Rg5 42. Nf5 Rxa5 43. Rxg5 Bxg5 44. Nd6 Ke7 45. Ne4 Bh6 46. g4 Ra2 47. Ng3 Bxe3 48. Nf5+ Kf6 49. Nxe3 Kg5 50. Kg3 Rd2 51.
Nf5 Rd3 52. Kg2 Kf4 53. Be2 Rd2 54. Kf1 Ra2 55. Nd6 Ra1+ 56. Kg2 Ra2 57. Bf3 Rd2 58. Nxf7 Rxd4 59. g5 Rd7 60. g6 Kf5 61. Bg4+ 1-0

[Event "Live Chess"]
[Site "Chess.com"]
[Date "2023.05.21"]
[Round "-"]
[White "AbilifyXL"]
[Black "OleksiyJr1"]
[Result "1-0"]
[WhiteElo "1970"]
[BlackElo "1035"]
[TimeControl "300"]
[EndTime "7:11:47 PDT"]
[Termination "AbilifyXL won by resignation"]

1. d4 Nf6 2. c4 c6 3. Nc3 d5 4.
cxd5 Nxd5 5. Nf3 Nxc3 6. bxc3 e6 7. e4 f5 8. Bd3 Bd6 9. O-O O-O 10. Re1 Nd7 11.
Qb3 fxe4 12. Qxe6+ Kh8 13. Qxe4 1-0

[Event "Live Chess"]
[Site "Chess.com"]
[Date "2023.05.21"]
[Round "-"]
[White "Cimon"]
[Black "terrub10"]
[Result "1-0"]
[WhiteElo "1844"]
[BlackElo "570"]
[TimeControl "300"]
[EndTime "7:11:54 PDT"]
[Termination "Cimon won by checkmate"]

1. d4 d5 2. c4 dxc4 3. e4 Nf6 4.
Nc3 Nc6 5. d5 Bg4 6. f3 Ne5 7.
fxg4 Nexg4 8. Nf3 e5 9. Bxc4 Bb4 10. Qe2 O-O 11. h3 Bxc3+ 12. bxc3 Re8 13. hxg4 Nxg4 14. Ng5 c6 15. Qxg4 cxd5 16. Bxd5 h6 17. Nxf7 Qf6 18. Nxh6+ Kh7 19. Nf5+ Qh6 20. Rxh6+ gxh6 21. Qg7# 1-0

[Event "Live Chess"]
[Site "Chess.com"]
[Date "2023.05.21"]
[Round "-"]
[White "lateforthesky"]
[Black "Hacker_2009"]
[Result "0-1"]
[WhiteElo "2098"]
[BlackElo "1948"]
[TimeControl "300"]
[EndTime "7:11:58 PDT"]
[Termination "Hacker_2009 won on time"]

1. e4 c5 2. Nf3 d6 3. Nc3 Nf6 4. e5 dxe5 5. Nxe5 Qc7 6. Nc4 a6 7. a4 e6 8. d3 Be7 9. Be2 O-O 10. a5 Nc6 11. Nb6 Rb8 12. O-O Nd4 13. Nxc8 Rfxc8 14. Bf3 Nxf3+ 15. Qxf3 Qc6 16. Qxc6 Rxc6 17. Bf4 Rd8 18.
Be5 Nd5 19. Ne4 f6 20. Bc3 Nxc3 21. Nxc3 e5 22. Ra4 Kf7 23. Re1 Rd4 24. Rc4 Rxc4 25.
dxc4 Bd8 26. Rd1 Bxa5 27. Rd7+ Kg6 28. Rxb7 Bxc3 29. bxc3 Rd6 30. Kf1 Rd2 31. Rb2 Rd6 32.
Ke2 f5 33. Ra2 Kf6 34. Ra5 Rc6 35. Ke3 g5 36. g3 e4 37. g4 Ke5 38. gxf5 Kxf5 39.
f3 exf3 40. Kxf3 h5 41. h3 Ke5 42. Ke3 Kf5 43. Kf3 g4+ 44. hxg4+ hxg4+ 45. Kg3 Kg5 46. Ra1 Rh6 47. Ra5 Rh3+ 48. Kg2 Rxc3 49.
Rxc5+ Kf4 50. Rc6 Rxc2+ 51. Kf1 a5 52. Ra6 Kf3 53. Rf6+ Kg3 54. Ra6 Rxc4 55. Rxa5 Rc1+ 56. Ke2 Kg2 57. Rg5 g3 58. Rg8 Rc7 59. Rg6 Re7+ 60. Kd3 Re1 61. Kd2 Rf1 62. Ke2 Rf2+ 63. Ke1 Rf4 64. Ke2 Re4+ 65. Kd3 Rh4 66. Ke2 Kh2 67. Kf3 Rh3 68. Ke2 g2 69. Kf2 Ra3 70.
Rxg2+ Kh3 71. Rg8 Ra7 72. Ke3 Ra3+ 73. Ke4 Ra4+ 74. Ke3 Ra6 75. Ke2 Re6+ 76. Kd3 Rd6+ 77. Ke2 Rc6 78. Kf3 Rf6+ 79. Ke2 Rf7 80. Ke3 Rf6 81.
Ke4 Rf1 82. Ke5 Re1+ 83. Kd5 Kh4 84. Kc4 Kh5 85. Kd3 Kh6 86. Kd2 Re7 87. Rg2 Rd7+ 88. Ke3 Re7+ 89. Kd3 Ra7 90. Kd4 Kh5 91. Kc5 Kh4 92.
Kb6 Rf7 93. Re2 Rf6+ 94. Kb7 Rf7+ 95. Kb8 Kg3 96. Kc8 Kf3 97. Rd2 Rf8+ 0-1